 Dungeon Crawl Stone Soup version 0.30.0-29-ga12c61a403 (webtiles) character file.

Game seed: 12169149968552169806

89171 Peloso the Fencer (level 15, -6/145 HPs)
             Began as a Minotaur Fighter on June 19, 2023.
             Was a High Priest of Okawaru.
             Mangled by a deep troll (9 damage)
             ... on level 1 of the Orcish Mines.
             The game lasted 01:11:50 (26401 turns).

Peloso the Fencer (Minotaur Fighter)               Turns: 26401, Time: 01:11:51

Health: -6/145     AC: 43    Str: 33    XL:     15   Next: 48%
Magic:  15/15      EV:  9    Int:  5    God:    Okawaru [*****.]
Gold:   109        SH: 14    Dex: 19    Spells: 14/14 levels left

rFire   + . .        a - +3 scimitar (flame)
rCold   . . .        d - +0 kite shield
rNeg    + . .        E - +9 crystal plate armour "Anaudewk" {rF+ rC- rN+}
rPois   .            u - +0 hat of Optimism {Will+ Int+3}
rElec   .            q - +1 cloak {rCorr}
rCorr   +            e - +0 pair of gloves
SInv    +            A - +3 pair of mountain boots {steadfast, rC+}
Will    +++..        O - amulet of regeneration Stlth
                     f - ring of Tyont {Will+ Str+2 Int-3 Dex+6 SInv}
HPRegen 1.24/turn    y - +6 ring of strength
MPRegen 0.14/turn

%: no passive effects
@: mighty, studying Maces & Flails, silenced
A: horns 2, retaliatory headbutt
a: Renounce Religion


You were on level 1 of the Orcish Mines.
You worshipped Okawaru.
Okawaru was extremely pleased with you.
You visited 4 branches of the dungeon, and saw 20 of its levels.
You also visited: Bailey.

You collected 2074 gold pieces.
You spent 1965 gold pieces at shops.

Inventory:

Hand Weapons
 a - a +3 scimitar of flaming (weapon)
 b - a +2 scimitar of holy wrath
 c - a +2 long sword of electrocution
Armour
 d - a +0 kite shield (worn)
 e - a +0 pair of gloves (worn)
 l - the +0 pair of boots of the Blue Moon {*Slow rElec rN++ Str+3}
   (Okawaru gifted it to you on level 4 of the Lair of Beasts)

   Str:       It affects your strength (+3).
   rElec:     It insulates you from electricity.
   rN:        It greatly protects you from negative energy.
   *Slow:     It may slow you when you take damage.
 q - a +1 cloak of preservation (worn)
 u - the +0 hat of Optimism (worn) {Will+ Int+3}
   (You found it on level 4 of the Dungeon)

   Int:       It affects your intelligence (+3).
   Will:      It increases your willpower.
 x - a +3 plate armour of positive energy
 A - the +3 pair of mountain boots (worn) {steadfast, rC+}
   (Okawaru gifted it to you on level 2 of the Lair of Beasts)

   Steadfast: It prevents involuntary movement, except for blinking,
   teleportation, or banishment.
   rC:        It protects you from cold.
 E - the +9 crystal plate armour "Anaudewk" (worn) {rF+ rC- rN+}
   (You bought it in a shop on level 3 of the Dungeon)

   rF:        It protects you from fire.
   rC:        It makes you vulnerable to cold.
   rN:        It protects you from negative energy.
Jewellery
 f - the ring of Tyont (left hand) {Will+ Str+2 Int-3 Dex+6 SInv}
   (You found it on level 4 of the Lair of Beasts)

   [ring of dexterity]

   Str:       It affects your strength (+2).
   Int:       It affects your intelligence (-3).
   Dex:       It affects your dexterity (+6).
   SInv:      It lets you see invisible.
   Will:      It increases your willpower.
 o - a ring of willpower
 w - a ring of see invisible
 y - a +6 ring of strength (right hand)
 D - a ring of resist corrosion
 G - a ring of willpower
 J - a ring of poison resistance
 O - an amulet of regeneration (around neck)
Wands
 k - a wand of flame (16)
 m - a wand of polymorph (7)
 n - a wand of iceblast (6)
 v - a wand of digging (4)
Scrolls
 g - 4 scrolls of magic mapping
 h - 5 scrolls of fog
 j - a scroll of fear
 r - 4 scrolls of poison
 s - 11 scrolls of immolation
 z - a scroll of butterflies
 B - 2 scrolls of blinking
 C - 4 scrolls of identify
 L - a scroll of acquirement
 P - a scroll of teleportation
Potions
 i - 4 potions of resistance
 p - 4 potions of berserk rage
 t - 5 potions of heal wounds
 F - a potion of might
 W - a potion of invisibility
 X - 2 potions of curing


   Skills:
 + Level 16.3 Fighting
 + Level 17.9 Long Blades
 + Level 0.2 Throwing
 + Level 17.4 Armour
 + Level 3.9 Dodging
 + Level 2.3 Stealth
 + Level 14.8 Shields
 + Level 2.0 Invocations
 + Level 1.9 Evocations


You had 14 spell levels left.
You didn't know any spells.
Your spell library contained the following spells:

 Spells                   Type           Power      Damage    Failure   Level
 Apportation              Tloc           0%         N/A       100%        1
 Kiss of Death            Conj/Necr      0%         2d5       100%        1
 Necrotise                Necr           0%         1d4       100%        1
 Sandblast                Erth           0%         2d4       100%        1
 Shock                    Conj/Air       0%         1d3       100%        1
 Cigotuvi's Dreadful Rot  Necr/Pois/Air  0%         N/A       100%        2
 Passwall                 Tmut/Erth      0%         N/A       100%        2
 Confusing Touch          Hex            0%         N/A       100%        3
 Gell's Gravitas          Tloc           0%         N/A       100%        3
 Ignite Poison            Fire/Tmut/Pois 0%         N/A       100%        3
 Inner Flame              Hex/Fire       0%         N/A       100%        3
 Portal Projectile        Hex/Tloc       0%         N/A       100%        3
 Stone Arrow              Conj/Erth      0%         3d7       100%        3
 Swiftness                Air            0%         N/A       100%        3
 Teleport Other           Tloc           0%         N/A       100%        3
 Volatile Blastmotes      Fire/Tloc      0%         2d10      100%        3
 Airstrike                Air            0%         2d(0-16)  100%        4
 Cause Fear               Hex            0%         N/A       100%        4
 Dispel Undead            Necr           0%         3d6       100%        4
 Manifold Assault         Tloc           0%         N/A       100%        4
 Blade Hands              Tmut           0%         N/A       100%        5
 Borgnjor's Vile Clutch   Necr/Erth      0%         N/A       100%        5
 Freezing Cloud           Conj/Ice/Air   0%         6-21      100%        5
 Dispersal                Tloc           0%         N/A       100%        6
 Dragon Form              Tmut           0%         N/A       100%        7
 Orb of Destruction       Conj           0%         9d5       100%        7
 Storm Form               Tmut/Air       0%         N/A       100%        7
 Disjunction              Tloc           0%         N/A       100%        8
 Ignition                 Fire           0%         3d3       100%        8
 Maxwell's Capacitive Co  Air            0%         ∞         100%        8
 Summon Small Mammal      Summ           Unusable   N/A       N/A         1
 Summon Guardian Golem    Hex/Summ       Unusable   N/A       N/A         3
 Tukima's Dance           Hex            Unusable   N/A       N/A         3
 Animate Dead             Necr           Unusable   N/A       N/A         4
 Summon Lightning Spire   Summ/Air       Unusable   N/A       N/A         4
 Death Channel            Necr           Unusable   N/A       N/A         6
 Spellforged Servitor     Conj/Summ      Unusable   N/A       N/A         7
 Dragon's Call            Summ           Unusable   N/A       N/A         9

Dungeon Overview and Level Annotations

Branches:
Dungeon (13/15)            Temple (1/1) D:6            Lair (4/5) D:11
 Shoals (0/4) Lair:2       Spider (0/4) Lair:2          Orc (2/2) D:11
    Elf (0/3) Orc:2        Vaults (0/5) D:13         Bailey (visited)
  Slime: Lair:4-5

Altars:
Ashenzari
Cheibriados
Dithmenos
Elyvilon
Fedhas
Gozag
Hepliaklqana
Kikubaaqudgha
Makhleb
Nemelex Xobeh
Okawaru
Qazlal
Ru
Sif Muna
Trog
Uskayaw
Vehumet
Wu Jian
Xom
Yredelemnul
Zin
The Shining One

Shops:
D:1 ?   D:3 [   D:4 =   Orc:2 [[!(

Portals:
Trove: D:10 (give 6 potions of haste)

Annotations:
D:6 exclusion: oklob plant
Lair:3 Casa
Orc:1 1 transporter, 1 runed translucent door


Innate Abilities, Weirdness & Mutations

You have a pair of horns on your head.
You reflexively headbutt those who attack you in melee.


Message History

You slice the two-headed ogre!! You burn the two-headed ogre.
The two-headed ogre is almost dead.
You slash the two-headed ogre! You burn the two-headed ogre.
You kill the two-headed ogre!
Okawaru accepts your kill.
A moth of wrath is nearby!
There is a large open door, spattered with blood here.
Things that are here:
a +0 giant club; a +0 giant club; a two-headed ogre corpse A deep troll comes into view.
There is a large open door, spattered with blood here.
Things that are here:
a +0 giant club; a +0 giant club; a two-headed ogre corpse You feel very mighty all of a sudden.
The moth of wrath goads the ettin on!
The ettin goes berserk!
You slice the ettin!! You burn the ettin!
The ettin is moderately wounded.
The ettin hits you with a +0 dire flail!!!
The ettin hits you with a +0 dire flail!!
You hit the ettin but do no damage. You headbutt the ettin!
The ettin is heavily wounded.
You block the ettin's attack. x2
You hit the ettin. You burn the ettin. You headbutt the ettin!!
The ettin is almost dead.
The ettin hits you with a +0 dire flail!!!
* * * LOW HITPOINT WARNING * * *
The ettin hits you but does no damage.
You slash the ettin! You burn the ettin.
The ettin is almost dead.
The ettin hits you with a +0 dire flail!!
* * * LOW HITPOINT WARNING * * *
You block the ettin's attack.
You hit the ettin but do no damage. You headbutt the ettin.
You kill the ettin!
Okawaru accepts your kill.
Your Invocations skill increases to level 2!
You barely miss the deep troll. Your headbutt misses the deep troll.
The deep troll bites you but does no damage.
The deep troll claws you!
You die...

......## ##.. #......# ... #.#.
#...#.## . .... ###.#.
##.#...#######... ..⌠. #y#...
###.......#y#... $.... ####...
##......###++### $$...##......
##.......##...###[?[..##......
##.......©##©÷.#W+_:!..##©.....
#.........##..@###)[!..##......
##.#.....###'T####$$...##......
##.###....#y#...#y#$....
####... #...##.######...###..⌠.
#y#... #...#### ##..T......
###... ##..##..# ##........
#... ....#...# ######### #...
...##...#


☼#yeoee ##.. .#.#....# ## #### ##. You could see a deep troll, a moth of wrath
(unsilenced) and a silent spectre (silencing).

Vanquished Creatures
  Gastronok (Lair:2)
  Kirke (D:13)
  2 orc warlords
  An ironbound preserver (D:13)
  A stone giant (Orc:2)
  Nessos (Lair:4)
  The ghost of Nyzic the Grappler, a journeyman TrMo (Lair:4)
  A minotaur (Lair:4)
  Josephine (Orc:2)
  An ettin (Orc:1)
  A fire dragon (Lair:1)
  4 hydras
  5 centaur warriors (D:13)
  An ogre mage (D:8)
  A catoblepas (Lair:2)
  Erica (D:9)
  11 two-headed ogres
  5 boulder beetles
  2 orc high priests (Orc:2)
  Amaemon (D:8)
  Nergalle (Lair:1)
  A deep troll (D:9)
  2 skeletal warriors (D:13)
  An obsidian statue (D:10)
  4 lindwurms (D:9)
  3 deep elf pyromancers (D:13)
  An ugly thing (D:12)
  A wolf spider (D:13)
  Pikel (D:8)
  8 orc knights
  8 cyclopes
  A manticore (D:11)
  2 oklob plants (D:11)
  3 orc sorcerers
  12 elephants
  5 black mambas
  An orange demon (D:9)
  5 cane toads
  2 torpor snails
  An unseen horror (D:12)
  Maggie (D:6)
  6 komodo dragons
  16 trolls
  2 meliai (D:13)
  A polar bear (Lair:4)
  A hornet (D:5)
  Prince Ribbit (D:6)
  13 saltlings
  13 dream sheep
  8 blink frogs
  4 shadows
  2 vampires
  8 wraiths
  A wyvern (Lair:1)
  4 humans (D:13)
  55 yaks
  A hog (D:13)
  6 basilisks
  A steam dragon (D:8)
  14 vampire mosquitoes
  5 wargs
  A two-headed ogre zombie (D:11)
  6 acid dragons
  2 water moccasins
  3 sky beasts
  A black bear (D:8)
  37 orc warriors
  15 centaurs
  9 ogres
  15 wolves
  A lemure (D:8)
  4 phantoms
  A kobold brigand (D:9)
  12 bullfrogs
  A gnoll sergeant (D:8)
  2 scorpions
  3 wights (D:8)
  A troll zombie (D:11)
  6 killer bees (D:13)
  An electric eel (D:10)
  5 howler monkeys
  5 hounds
  A jelly (D:4)
  2 gnoll boudas
  16 orc priests
  An iguana (D:4)
  A sleepcap (D:6)
  15 orc wizards
  7 hell rats (Lair:3)
  6 ogre zombies (D:11)
  17 gnolls
  5 adders
  A shadow imp (D:7)
  A white imp (D:5)
  3 ufetubi
  5 worms (Lair:2)
  59 orcs
  5 bats
  4 endoplasms
  3 giant cockroaches
  10 hobgoblins
  4 jackals (D:2)
  2 quokkas (D:1)
  3 ball pythons
  A frilled lizard (D:3)
  11 goblins
  2 goblin zombies (D:11)
  A hobgoblin skeleton (D:11)
  A hobgoblin zombie (D:11)
  13 kobolds
  4 orc skeletons (D:11)
  17 orc zombies (D:11)
  6 rats
627 creatures vanquished.

Vanquished Creatures (others)
  Psyche (D:8)
  A howler monkey (D:13)
2 creatures vanquished.

Grand Total: 629 creatures vanquished

Notes
Turn   | Place    | Note
-------+----------+-------------------------------------------
     0 | D:1      | Peloso the Minotaur Fighter began the quest for the Orb.
     0 | D:1      | Reached XP level 1. HP: 19/19 MP: 0/0
    60 | D:1      | Found Jerud's Magic Scroll Emporium.
   175 | D:1      | Reached XP level 2. HP: 27/27 MP: 1/1
   845 | D:2      | Reached XP level 3. HP: 31/33 MP: 2/2
  1617 | D:3      | Reached XP level 4. HP: 25/40 MP: 3/3
  1650 | D:2      | Reached skill level 1 in Dodging
  1945 | D:3      | Found Forr's Antique Armour Boutique.
  1982 | D:3      | Found a faded altar of an unknown god.
  2269 | D:1      | Bought a scroll of magic mapping for 75 gold pieces
  2269 | D:1      | Bought a scroll of identify for 20 gold pieces
  2333 | D:4      | Identified the +0 hat of Optimism {Will+ Int+3}
  2481 | D:4      | Noticed a scorpion
  2490 | D:4      | Killed a scorpion
  2491 | D:4      | Reached skill level 5 in Armour
  2491 | D:4      | Reached XP level 5. HP: 39/47 MP: 4/4
  2622 | D:4      | Found Feil's Jewellery Emporium.
  2950 | D:5      | Entered Level 5 of the Dungeon
  2993 | D:5      | Reached XP level 6. HP: 53/53 MP: 5/5
  3004 | D:5      | Reached skill level 5 in Long Blades
  3596 | D:5      | Noticed a hornet
  3599 | D:5      | Killed a hornet
  3600 | D:5      | Reached skill level 5 in Fighting
  3600 | D:5      | Reached XP level 7. HP: 35/61 MP: 6/6
  4015 | D:6      | Noticed Prince Ribbit
  4092 | D:6      | Killed Prince Ribbit
  4093 | D:6      | Reached skill level 5 in Shields
  4093 | D:6      | Reached XP level 8. HP: 40/69 MP: 7/7
  4316 | D:6      | Found a staircase to the Ecumenical Temple.
  4325 | Temple   | Entered the Ecumenical Temple
  4557 | D:6      | Noticed Maggie
  4585 | D:6      | Killed Maggie
  5104 | D:6      | Found a blossoming altar of Fedhas.
  5130 | D:6      | Noticed an oklob plant
  5279 | D:6      | Reached skill level 1 in Stealth
  6912 | D:8      | Reached XP level 9. HP: 61/75 MP: 8/8
  6990 | D:8      | Noticed a two-headed ogre
  6996 | D:8      | Killed a two-headed ogre
  6997 | D:8      | Reached skill level 10 in Long Blades
  6997 | D:8      | Noticed Pikel
  6997 | D:8      | Noticed Psyche
  7013 | D:8      | Killed Psyche
  7026 | D:8      | Killed Pikel
  7027 | D:8      | Reached skill level 10 in Armour
  7027 | D:8      | Reached skill level 1 in Evocations
  7027 | D:8      | Reached XP level 10. HP: 51/88 MP: 9/9
  7062 | D:8      | Found a flagged portal.
  7149 | Bailey   | Entered a bailey
  8442 | Bailey   | Noticed an orc warlord
  8561 | Bailey   | Killed an orc warlord
  9097 | Bailey   | Got the Incunable of Conflagration
  9597 | D:8      | Noticed an ogre mage
  9613 | D:8      | Killed an ogre mage
  9644 | D:9      | Noticed Amaemon
  9644 | D:9      | Noticed an orange demon
  9654 | D:8      | Reached XP level 11. HP: 54/97 MP: 10/10
  9789 | D:9      | Noticed a lindwurm
  9862 | D:9      | Noticed a two-headed ogre
  9872 | D:9      | Killed a two-headed ogre
 10163 | D:9      | Noticed Erica
 10179 | D:9      | Killed Erica
 10277 | D:9      | Noticed a two-headed ogre
 10289 | D:9      | Killed a two-headed ogre
 10510 | D:9      | Noticed a lindwurm
 10510 | D:9      | Noticed a lindwurm
 10536 | D:8      | Killed Amaemon
 10782 | D:9      | Noticed a lindwurm
 10861 | D:9      | Noticed a deep troll
 10873 | D:9      | Killed a deep troll
 11034 | D:9      | Found a shimmering blue altar of Sif Muna.
 11034 | D:9      | Found an iron altar of Okawaru.
 11040 | D:9      | Found a glowing silver altar of Zin.
 11043 | D:9      | Became a worshipper of Warmaster Okawaru
 11089 | D:9      | Reached skill level 10 in Fighting
 11269 | D:9      | Found a snail-covered altar of Cheibriados.
 11271 | D:9      | Found a shimmering altar of Xom.
 11650 | D:10     | Entered Level 10 of the Dungeon
 11795 | D:10     | Noticed an obsidian statue
 12110 | D:10     | Reached * piety under Okawaru
 12726 | D:10     | Found a portal to a secret trove of treasure.
 12898 | D:11     | Noticed a two-headed ogre
 12905 | D:11     | Killed a two-headed ogre
 12905 | D:11     | Reached ** piety under Okawaru
 12920 | D:11     | Reached XP level 12. HP: 57/108 MP: 6/11
 13154 | D:11     | Found a staircase to the Orcish Mines.
 13312 | D:11     | Noticed a boulder beetle
 13325 | D:11     | Killed a boulder beetle
 13347 | D:11     | Found a staircase to the Lair.
 13495 | D:11     | Reached *** piety under Okawaru
 13963 | Lair:1   | Entered Level 1 of the Lair of Beasts
 14373 | Lair:1   | Reached skill level 10 in Shields
 14406 | Lair:1   | Reached **** piety under Okawaru
 14628 | Lair:1   | Reached skill level 15 in Long Blades
 14915 | Lair:1   | HP: 3/111 [yak (10)]
 15526 | Lair:1   | Found the +7 staff of the Meek {protect, meekguard}
 15921 | Lair:1   | Noticed a fire dragon
 15945 | Lair:1   | Killed a fire dragon
 15945 | Lair:1   | Reached ***** piety under Okawaru
 16282 | Lair:2   | Noticed Nergalle
 16298 | Lair:1   | Killed Nergalle
 16368 | Lair:2   | Reached XP level 13. HP: 107/118 MP: 12/12
 16616 | Lair:2   | Noticed Gastronok
 16649 | Lair:2   | Killed Gastronok
 16649 | Lair:2   | Received a gift from Okawaru
 16649 | Lair:2   | Found the +3 pair of mountain boots {steadfast, rC+}
 16650 | Lair:2   | Reached skill level 15 in Armour
 16794 | Lair:2   | Found a staircase to the Shoals.
 16980 | Lair:2   | Found a hole to the Spider Nest.
 19682 | Orc:1    | Entered Level 1 of the Orcish Mines
 19933 | Orc:1    | Noticed an ettin
 19974 | Orc:1    | Found a bloodstained altar of Trog.
 19974 | Orc:1    | Found the necklace of Bloodlust {Fury *Rage Will++ Int-3
                  | Slay+6}
 20226 | Orc:1    | Found a transporter.
 20401 | Orc:2    | Entered Level 2 of the Orcish Mines
 20470 | Orc:1    | Reached XP level 14. HP: 132/132 MP: 13/13
 20699 | Orc:2    | Found a staircase to the Elven Halls.
 20824 | Orc:1    | Identified the +0 ring mail of the Ward {Harm Int+7}
                  | (Okawaru gifted it to you on level 1 of the Orcish Mines)
 20824 | Orc:1    | Received a gift from Okawaru
 21144 | Orc:2    | Noticed Josephine
 21155 | Orc:2    | Killed Josephine
 21402 | Orc:2    | Noticed an orc warlord
 21539 | Orc:1    | Killed an orc warlord
 21751 | Orc:2    | Noticed a stone giant
 21784 | Orc:2    | Killed a stone giant
 21807 | Orc:2    | Found Ciadusch's Antique Armour Shoppe.
 21994 | Orc:2    | Found Zinwawyng's Distillery.
 21996 | Orc:2    | Found Boept's Armour Shoppe.
 22020 | Orc:2    | Found Xuagucid's Weapon Boutique.
 22251 | D:13     | Reached skill level 15 in Fighting
 22451 | D:13     | Noticed Kirke
 22482 | D:13     | Killed Kirke
 22560 | D:13     | Received a gift from Okawaru
 22561 | D:13     | Reached skill level 1 in Invocations
 22724 | D:13     | Identified a scroll of acquirement
 22854 | D:13     | Identified the +6 triple sword "Luyc Lel" {protect, Drain
                  | Fly rCorr Stlth-} (Okawaru gifted it to you on level 13 of
                  | the Dungeon)
 22854 | D:13     | Received a gift from Okawaru
 23046 | D:13     | Reached XP level 15. HP: 143/143 MP: 15/15
 23224 | D:13     | Found a gate to the Vaults.
 24080 | D:9      | Found the +8 whip "Snakebite" {venom, curare, rPois}
 24087 | D:9      | Identified the ring "Feac" {AC+4 Dex+2}
 24834 | Lair:4   | Identified the ring of Tyont {Will+ Str+2 Int-3 Dex+6 SInv}
 24926 | Lair:4   | Identified the +0 pair of boots of the Blue Moon {*Slow
                  | rElec rN++ Str+3} (Okawaru gifted it to you on level 4 of
                  | the Lair of Beasts)
 24926 | Lair:4   | Received a gift from Okawaru
 25174 | Lair:4   | Noticed Nessos
 25184 | Lair:4   | Found a shimmering altar of Xom.
 25200 | Lair:4   | Killed Nessos
 25297 | Lair:4   | Noticed Nyzic's ghost (journeyman TrMo)
 25353 | Lair:4   | Found a runed translucent gate.
 25353 | Lair:4   | Found a runed translucent gate.
 25353 | Lair:4   | Found a runed translucent gate.
 25759 | Lair:4   | Killed Nyzic's ghost
 25950 | D:10     | Identified the +0 kite shield of Lethargy {rF+ rN+ Str-4}
 26152 | D:3      | Bought a polished crystal plate armour for 1870 gold pieces
 26152 | D:3      | Identified the +9 crystal plate armour "Anaudewk" {rF+ rC-
                  | rN+} (You bought it in a shop on level 3 of the Dungeon)
 26368 | Orc:1    | Found a transporter.
 26368 | Orc:1    | Found a runed translucent door.
 26375 | Orc:1    | Noticed a deep elf sorcerer
 26399 | Orc:1    | HP: 1/145 [ettin/+0 dire flail (31)]
 26401 | Orc:1    | Mangled by a deep troll

Illustrated notes

Levels and vault maps discovered:
D:1:      onia_arrival_mini_spirals, layout_rooms, serial_shops,
          nicolae_shop_stone
D:2:      layout_basic
D:3:      layout_rooms, dreamdust_ecumenical_altar_grove, serial_shops,
          nicolae_shop_rolling_square, amcnicky_mini_rare_corridor_liquid,
          minmay_misc_feat_alley
D:4:      minmay_chambers_of_fours, layout_rooms, serial_shops, shop,
          nicolae_elevator_lobby_plus
D:5:      layout_loops_corners
D:6:      layout_layer_cave, tgw_fedhas, minmay_temple_entry_statues_fountains,
          minmay_misc_feat_room, columned_hall_lemuel, uniq_maggie,
          uniq_prince_ribbit1
D:7:      layout_layer_cave, roderic_roman_lattice,
          amcnicky_mini_corridor_feature
D:8:      layout_rooms, enter_bailey_4, kennysheep_just_a_vault, uniq_pikel,
          uniq_psyche
D:9:      lemuel_troll_bridge, layout_loops_ring,
          chequers_temple_overflow_minitemple, minmay_lindwurm_lava,
          uniq_amaemon, uniq_erica
D:10:     layout_rooms, trove_entry_hex_spiral, minivault_15, kennysheep_potato
D:11:     layout_irregular_city, dpeg_oklobed_lair, zombieorc2_lemuel
D:12:     layout_rooms
D:13:     minmay_the_grid_square_5x5_3x3 [minmay_the_grid_square_5x5_corner,
          minmay_the_grid_square_5x5_inner_z, minmay_the_grid_square_5x5_three,
          minmay_the_grid_square_5x5_inset,
          minmay_the_grid_square_5x5_megaprize_crossed,
          minmay_the_grid_square_5x5_bridge,
          minmay_the_grid_square_5x5_beaten_path,
          minmay_the_grid_square_5x5_three_walls,
          minmay_the_grid_square_5x5_dogpile], layout_loops_ring,
          skrybe_vaults_entry_preservation, serial_glass, glass_columns_a,
          glass_columns_a, special_room [special_room_orc], eino_jars,
          uniq_kirke
Temple:   eino_temple_rhombus
Lair:1:   dragon1_lemuel, layout_small_grid, chequers_serial_rivers_micro_d,
          chequers_serial_rivers_small_3, cheibrodos_lair_caveside_slide,
          grunt_megastairs_1
Lair:2:   layout_cellular_growth, shoals_dummy_entry,
          nicolae_spider_entry_non_spiders, uniq_gastronok, uniq_nergalle
Lair:3:   layout_gridlike, eino_small_chamber_without_monster,
          lemuel_fruit_fields, serial_bayou_shore_a
Lair:4:   layout_long_grid, maelrawn_ghost_gauntlet_escape, basic_altar,
          beast_lair_carwin_5, uniq_nessos
Orc:1:    emtedronai_trogs_sanctum, layout_caves, mines1_david
Orc:2:    hellmonk_orc_salted, layout_caves, uniq_josephine

Skill      XL: |  1  2  3  4  5  6  7  8  9 10 11 12 13 14 15 |
---------------+----------------------------------------------+-----
Armour         | 4 5 6 7 8 10 11 12 14 15 16 17 | 17.4
Shields        | 4 5 6 7 9 10 12 13 14 | 14.8
Fighting       | 4 5 6 7 9 10 12 14 15 16 | 16.3
Long Blades    | 3 4 6 7 8 11 13 14 15 16 17 | 17.9
Dodging        | 1 2 3 |  3.9
Stealth        | 1 2 |  2.3
Evocations     | 1 |  1.9
Invocations    | 1 2 |  2.0
Throwing       | |  0.2

Action                     |  1- 3 |  4- 6 |  7- 9 | 10-12 | 13-15 || total
---------------------------+-------+-------+-------+-------+-------++-------
  Melee: Long sword        |    80 |   102 |    45 |    23 |       ||   250
         Headbutt          |    14 |    17 |    35 |   179 |   388 ||   633
         Scimitar          |       |       |   128 |   744 |  1333 ||  2205
  Throw: Throwing net      |       |       |       |     2 |       ||     2
 Invoke: Heroism           |       |       |       |     3 |    17 ||    20
  Evoke: Wand              |       |       |     9 |     9 |     4 ||    22
    Use: Potion            |     2 |       |     2 |     8 |     5 ||    17
         Scroll            |       |     5 |     4 |    16 |     6 ||    31
 Armour: Scale mail        |    38 |       |       |       |       ||    38
         Chain mail        |     9 |    58 |    34 |       |       ||   101
         Plate armour      |       |       |    57 |   362 |   853 ||  1272
         Crystal plate arm |       |       |       |       |     2 ||     2
  Dodge: Dodged            |    38 |    28 |    48 |   261 |   468 ||   843
  Block: Buckler           |    23 |    26 |    47 |   185 |   120 ||   401
         Kite shield       |       |       |       |       |   677 ||   677
